 Dungeon Crawl Stone Soup version 0.29.1-15-g9cfb28693d (webtiles) character file.

Game seed: 2889259144109775709

4216 Cheops the Impaler (level 10, -4/67 HPs)
             Began as a Merfolk Gladiator on Mar 20, 2023.
             Slain by an unseen horror simulacrum (10 damage)
             ... on level 8 of the Dungeon on Mar 21, 2023.
             The game lasted 00:15:12 (8637 turns).

Cheops the Impaler (Merfolk Gladiator)              Turns: 8637, Time: 00:15:13

Health: -4/67      AC: 10    Str: 19    XL:     10   Next: 30%
Magic:  10/10      EV: 17    Int:  8    God:
Gold:   473        SH:  0    Dex: 15    Spells: 9/9 levels left

rFire   + . .      SeeInvis .   a - +0 halberd (venom)
rCold   x . .      Faith    .   (shield currently unavailable)
rNeg    + . .      Spirit   .   b - +0 leather armour
rPois   .          Reflect  .   l - +2 hat
rElec   .          Harm     .   j - +2 cloak
rCorr   .          Rampage  .   n - +0 pair of gloves
Will    .....                   m - +0 pair of boots
Stlth   +.........              (no amulet)
HPRegen 0.21/turn               f - ring of fire
MPRegen 0.12/turn               q - ring of positive energy

@: no status effects
A: (nimble swimmer 2), mertail
a: no special abilities


You were on level 8 of the Dungeon.
You visited 1 branch of the dungeon, and saw 8 of its levels.
You also visited: Sewer.

You collected 473 gold pieces.

Inventory:

Hand Weapons
 a - a +0 halberd of venom (weapon)
 L - a +1 trident
Missiles
 d - 4 throwing nets (quivered)
 e - a javelin
Armour
 b - a +0 leather armour (worn)
 c - a +0 helmet
 j - a +2 cloak (worn)
 l - a +2 hat (worn)
 m - a +0 pair of boots (worn)
 n - a +0 pair of gloves (worn)
Jewellery
 f - a ring of fire (left hand)
 q - a ring of positive energy (right hand)
Wands
 u - a wand of paralysis (22)
 J - a wand of polymorph (6)
Scrolls
 g - a scroll of vulnerability
 i - a scroll of identify
 o - a scroll of fear
 t - a scroll of blinking
 v - 3 scrolls of butterflies {unknown}
 w - a scroll of enchant armour
 y - 2 scrolls of teleportation {unknown}
 A - 2 scrolls of poison {unknown}
 B - a scroll of immolation {unknown}
 C - a scroll of enchant weapon
 D - 2 scrolls of noise {unknown}
 E - a scroll of acquirement {unknown}
 H - a scroll of amnesia
Potions
 h - a potion of flight
 k - a potion of might
 p - a potion of attraction
 r - a potion of mutation
 s - a potion of lignification
 x - a potion of cancellation
 G - a potion of degeneration


   Skills:
 - Level 2.1 Fighting
 - Level 16.0 Polearms
 - Level 2.0 Throwing
 + Level 11.3 Dodging


You had 9 spell levels left.
You didn't know any spells.
Your spell library contained the following spells:

 Spells                   Type           Power      Damage    Failure   Level
 Poisonous Vapours        Pois/Air       0%         N/A       61%         2
 Animate Dead             Necr           0%         N/A       99%         4
 Corpse Rot               Necr/Pois/Air  0%         N/A       99%         4
 Haunt                    Necr/Summ      0%         N/A       100%        7
 Infestation              Necr           0%         N/A       100%        8


Dungeon Overview and Level Annotations

Branches:
Dungeon (8/15)             Temple (0/1) D:7           Sewer (visited)
   Lair: D:8-11

Altars:
Dithmenos
Fedhas
Hepliaklqana
Makhleb
Ru
Trog
Wu Jian
The Shining One

Shops:
D:4 [   D:6 (

Annotations:
D:7 3 runed translucent doors, mkat's ghost, novice GrTm; turnipcat1's ghost, novice MfAr


Innate Abilities, Weirdness & Mutations

((You are very nimble when in or above water. (Stealth+, EV+, Speed+++)))
Your lower body shifts to a powerful aquatic tail in water.


Message History

The polar bear is almost dead.
The polar bear closely misses you.
The polar bear claws you but does no damage. x2
You closely miss the polar bear.
The polar bear is almost dead.
The polar bear closely misses you. x2; The polar bear barely misses you.
You puncture the polar bear!
You kill the polar bear!
You are too injured to fight recklessly!
You are too injured to fight recklessly!
You are too injured to fight recklessly!
You are too injured to fight recklessly!
You are too injured to fight recklessly!
You are too injured to fight recklessly!
You are too injured to fight recklessly!
An unseen horror simulacrum comes into view.
An unseen horror simulacrum is nearby!
An unseen horror simulacrum is nearby!
You are too injured to fight recklessly!
You are too injured to fight recklessly!
You are too injured to fight recklessly!
You are too injured to fight recklessly!
You are too injured to fight recklessly!
You are too injured to fight recklessly!
You are too injured to fight recklessly!
An unseen horror simulacrum is nearby!
An unseen horror simulacrum is nearby!
An unseen horror simulacrum is nearby!
The unseen horror simulacrum hits you.
* * * LOW HITPOINT WARNING * * *
The unseen horror simulacrum freezes you!!
You feel a terrible chill!
* * * LOW HITPOINT WARNING * * *
The unseen horror simulacrum misses you.
You hit the unseen horror simulacrum but do no damage.
The unseen horror simulacrum hits you.
* * * LOW HITPOINT WARNING * * *
The unseen horror simulacrum freezes you!
You feel a terrible chill!
You die...

##....##...# ............#...#
### ................##....
...................... .##§##.
...................... .§§§#...
...............##
.§.§§....................##
...............Z..........#
................@.........##
...........................##
(...........................#
)...........................#
)...........................##
.............................#
.........†...................#
.............................##.
....~~~~~.....>..............#..


You could see an unseen horror simulacrum.

Vanquished Creatures
  2 polar bears (D:8)
  Prince Ribbit (D:6)
  2 wyverns (D:7)
  A steam dragon (D:6)
  Edmund (D:4)
  3 water moccasins
  4 ice beasts
  A sky beast (D:6)
  A black bear (D:5)
  2 wolves (D:8)
  2 ogres
  A centaur (D:6)
  A phantom (D:5)
  2 kobold brigands (D:7)
  Blork the orc (D:4)
  3 bullfrogs
  3 scorpions
  2 howler monkeys
  5 hounds
  8 orc priests
  2 gnoll boudas
  An iguana (D:5)
  8 orc wizards
  A killer bee simulacrum (D:8)
  10 gnolls
  10 adders
  2 shadow imps
  3 white imps
  A howler monkey simulacrum (D:8)
  2 ufetubi
  4 worms
  A dart slug (D:3)
  26 orcs
  14 ball pythons
  14 endoplasms
  20 giant cockroaches
  4 goblins
  6 hobgoblins
  13 quokkas
  2 bats
  7 frilled lizards
  13 kobolds
  6 rats
216 creatures vanquished.

Vanquished Creatures (others)
  An orc wizard (D:8)
  A gnoll (D:8)
  2 orcs (D:6)
  11 plants
15 creatures vanquished.

Grand Total: 231 creatures vanquished

Notes
Turn   | Place    | Note
-------+----------+-------------------------------------------
     0 | D:1      | Cheops the Merfolk Gladiator began the quest for the Orb.
     0 | D:1      | Reached XP level 1. HP: 16/16 MP: 1/1
   369 | D:1      | Reached XP level 2. HP: 21/22 MP: 2/2
   854 | D:1      | Found a faded altar of an unknown god.
  1105 | D:2      | Reached skill level 5 in Polearms
  1131 | D:2      | Reached XP level 3. HP: 27/27 MP: 3/3
  1381 | D:2      | Reached skill level 6 in Polearms
  1578 | D:3      | You fall into a shaft and drop 1 floor!
  1613 | D:4      | Reached XP level 4. HP: 33/33 MP: 4/4
  1661 | D:4      | Reached skill level 7 in Polearms
  1706 | D:4      | Found a glowing drain.
  1749 | Sewer    | Entered a sewer
  1814 | Sewer    | Reached XP level 5. HP: 38/38 MP: 5/5
  2073 | Sewer    | Reached skill level 8 in Polearms
  2085 | Sewer    | Reached XP level 6. HP: 32/44 MP: 6/6
  2182 | Sewer    | Reached skill level 9 in Polearms
  2405 | D:3      | Found a burning altar of Makhleb.
  2435 | D:3      | Found a glowing golden altar of the Shining One.
  3175 | D:4      | Noticed Edmund
  3191 | D:4      | Killed Edmund
  3192 | D:4      | Reached skill level 10 in Polearms
  3192 | D:4      | Reached XP level 7. HP: 32/50 MP: 7/7
  3407 | D:4      | Found a hazy altar of Hepliaklqana.
  3460 | D:4      | Noticed Blork the orc
  3465 | D:4      | Killed Blork the orc
  3601 | D:4      | Reached skill level 11 in Polearms
  3726 | D:4      | Found Buadah's Antique Armour Emporium.
  4170 | D:5      | Entered Level 5 of the Dungeon
  4218 | D:5      | Reached skill level 12 in Polearms
  4218 | D:5      | Reached XP level 8. HP: 41/56 MP: 8/8
  4695 | D:5      | Reached skill level 13 in Polearms
  4972 | D:5      | Noticed a moth of wrath
  4975 | D:5      | Found a bloodstained altar of Trog.
  5312 | D:6      | Found Oquclu's Weapon Shop.
  5344 | D:6      | Reached skill level 14 in Polearms
  5393 | D:6      | Found a shadowy altar of Dithmenos.
  5470 | D:6      | Found a sacrificial altar of Ru.
  5516 | D:6      | Noticed Prince Ribbit
  5533 | D:6      | Killed Prince Ribbit
  5534 | D:6      | Reached skill level 15 in Polearms
  5534 | D:6      | Reached XP level 9. HP: 61/61 MP: 9/9
  6176 | D:6      | Found a blossoming altar of Fedhas.
  6192 | D:6      | Reached skill level 16 in Polearms
  6661 | D:7      | Reached skill level 5 in Dodging
  6938 | D:7      | Found a staircase to the Ecumenical Temple.
  7269 | D:7      | Found a runed translucent gate.
  7269 | D:7      | Found a runed translucent gate.
  7270 | D:7      | Found a runed translucent gate.
  7272 | D:7      | Noticed mkat's ghost (novice GrTm)
  7272 | D:7      | Noticed turnipcat1's ghost (novice MfAr)
  7812 | D:8      | Noticed a polar bear
  7844 | D:8      | Reached XP level 10. HP: 22/67 MP: 10/10
  7859 | D:8      | Reached skill level 10 in Dodging
  8494 | D:8      | Found an ornate altar of the Wu Jian Council.
  8637 | D:8      | Slain by an unseen horror simulacrum

Illustrated notes

Levels and vault maps discovered:
D:1:      minmay_arrival_checkered_box, layout_basic,
          shapermc_ecumenical_altar_hornbeckon, minmay_crystal_room
D:2:      layout_rooms, hangedman_abyss_or_decor_lesser_grid,
          hangedman_feature_mirror, st_stairs_14
D:3:      layout_loops_cross, mainiacjoe_overflow_two_lobes, st_stairs_3,
          minmay_misc_feat_nine_boxes
D:4:      layout_loops_corners, nicolae_hepliaklqana_hazy_memory, serial_shops,
          shop_fountains, gup_sewer_entry_pipe, uniq_edmund, uniq_blork_the_orc
D:5:      layout_loops_cross, tgw_trog, serial_bayou_lake_a
D:6:      layout_basic, fedhas_altar_fruit_tree, grunt_temple_overflow_open,
          serial_shops, shop_statue, serial_bayou_crossing, uniq_prince_ribbit1
D:7:      layout_loops_ring, minmay_temple_entry_gardened_gates,
          gammafunk_ghost_cemetery, serial_rivers,
          chequers_serial_rivers_small_3, chequers_serial_rivers_small_a,
          chequers_serial_rivers_room_b, chequers_serial_rivers_small_3,
          chequers_serial_rivers_small_3
D:8:      layout_layer_cave, pdpol_wu_jian_five_deadly_venoms, special_room
          [special_room_orc], serial_ice, serial_ice_n, serial_ice_g,
          serial_ice_e, serial_ice_f

Skill      XL: |  1  2  3  4  5  6  7  8  9 10 |
---------------+-------------------------------+-----
Polearms       | 5 6 7 8 10 12 15 16 | 16.0
Dodging        | 9 11 | 11.3
Fighting       | |  2.1
Throwing       | |  2.0

Action                   |  1- 3 |  4- 6 |  7- 9 | 10-12 || total
-------------------------+-------+-------+-------+-------++-------
Melee: Trident           |    85 |   224 |   290 |       ||   599
       Punch             |     1 |     1 |     3 |       ||     5
       Tailslap          |       |     7 |     9 |       ||    16
       Halberd           |       |       |    97 |    95 ||   192
Evoke: Wand              |       |     3 |       |       ||     3
  Use: Scroll            |     2 |     3 |    11 |     1 ||    17
       Potion            |       |       |     3 |     3 ||     6
 Stab: Sleeping          |     2 |    13 |       |       ||    15
       Distracted        |       |     2 |       |       ||     2
       Paralysed         |       |     8 |       |       ||     8
       Invisible         |       |       |       |     7 ||     7
Armor: Leather armour    |    20 |    43 |    82 |    19 ||   164
       Skin              |       |       |    18 |    81 ||    99
Dodge: Dodged            |    58 |    97 |   191 |    35 ||   381
